 Dungeon Crawl Stone Soup version 0.18-a0-1390-gc02854d (webtiles) character file.

44 M4edhros the Charlatan (level 3, 0/23 HPs)
             Began as an Octopode Artificer on Feb 23, 2016.
             Slain by an adder (3 damage)
             ... on level 2 of the Dungeon.
             The game lasted 00:01:44 (1745 turns).

M4edhros the Charlatan (Octopode Artificer)         Turns: 1745, Time: 00:01:44

Health: 0/23       AC:  1    Str:  9 (10) XL:     3   Next: 62%
Magic:  5/5        EV: 12    Int: 12 (15) God:
Gold:   67         SH:  0    Dex: 10 (12) Spells: 0 memorised, 2 levels left

rFire  . . .     SeeInvis .       - Unarmed
rCold  . . .     Gourm    .     (no shield)
rNeg   . . .     Faith    +     (helmet restricted)
rPois  .         Spirit   .     a - amulet of faith
rElec  .         Dismiss  .     (no ring)
rCorr  .         Reflect  .     (no ring)
SustAt .         Harm     .     (no ring)
MR     .....                    (no ring)
Stlth  +++.......               (no ring)
                                (no ring)
                                (no ring)
                                (no ring)

@: lethally poisoned (0 -> -9), not resistant to hostile enchantments, fairly
stealthy
A: almost no armour, amphibious, 8 rings, constrict 8, camouflage 1, gelatinous
body 1
a: no special abilities


You were on level 2 of the Dungeon.
You were not hungry.

You visited 1 branch of the dungeon, and saw 2 of its levels.

You collected 67 gold pieces.

Inventory:

Jewellery
 a - an amulet of faith (around mantle)
Wands
 b - a wand of flame (15/48)
 c - a wand of enslavement (15/24)
 d - a wand of random effects (15/48)
Scrolls
 e - a scroll of remove curse {unknown}
 g - a scroll of magic mapping {unknown}
 j - 3 scrolls of identify {unknown}
Comestibles
 f - 2 bread rations
 i - a royal jelly


   Skills:
 - Level 1.0 Fighting
   Level 1.0 Short Blades
 - Level 2.0 Dodging
 - Level 1.3 Stealth
 + Level 3.1 Unarmed Combat
 - Level 3.2 Evocations


You had 2 spell levels left.
You didn't know any spells.

Dungeon Overview and Level Annotations

Branches:
Dungeon (2/15)

Altars:

Annotations:
D:2 Terence


Innate Abilities, Weirdness & Mutations

You cannot wear most types of armour.
You are amphibious.
You can wear up to eight rings at the same time.
You can use your tentacles to constrict eight enemies at once.
Your skin changes colour to match your surroundings (Stealth).
Your rubbery body absorbs attacks (AC +1).


Message History

You tentacle-slap the adder. Your grab misses the adder.
The adder is lightly wounded.
The adder bites you.
You are poisoned.
The adder poisons you!
You aren't carrying any potions.
Read which item? (? for menu, Esc to quit)
Okay, then.
You tentacle-slap the adder but do no damage.
Your grab misses the adder.
The adder is lightly wounded.
You feel sick. The adder bites you.
* * * LOW HITPOINT WARNING * * *
You are more poisoned.
The adder poisons you! The adder closely misses you.
You tentacle-slap the adder. Your grab misses the adder.
The adder is moderately wounded.
* * * LOW HITPOINT WARNING * * *
You feel sick. The adder bites you.
You die...

......# #........#..#.#.#+####..
......###......#................
..##...##......#................
####...........#................
..............##................
..............##......#+#.......
..............##......#.#.......
..............##.S....#.#.......
..............##@#<.............
........†.....#................
........).....#.............#
......###............#......#
......###...............#'###
).....##.....................
########.....................
.......#.....................
.......#.....................


You could see an adder.

Vanquished Creatures
  3 dart slugs
  5 bats
  4 giant cockroaches (D:1)
  A goblin (D:1)
  5 hobgoblins
  4 jackals (D:2)
  4 kobolds
  4 giant newts
  4 rats
34 creatures vanquished.

Notes
Turn   | Place    | Note
--------------------------------------------------------------
     0 | D:1      | M4edhros the Octopode Artificer began the quest for the Orb.
     0 | D:1      | Reached XP level 1. HP: 13/13 MP: 3/3
   243 | D:1      | Reached skill level 1 in Unarmed Combat
   578 | D:1      | Reached XP level 2. HP: 18/18 MP: 4/4
  1171 | D:1      | Reached XP level 3. HP: 12/23 MP: 5/5
  1613 | D:2      | Noticed Terence
  1745 | D:2      | Slain by an adder

Vault maps used:
D:1:      minmay_arrival_wavy_path
D:2:      nicolae_overflow_hidden_temple, first_bread, minmay_misc_feat_chi,
          uniq_terence, uniq_crazy_yiuf_cottage

Skill      XL: |  1  2  3 |
---------------+----------+-----
Unarmed Combat | 1 2 3 |  3.1
Fighting       | |  1.0
Short Blades   | |  1.0
Dodging        | |  2.0
Stealth        | |  1.3
Evocations     | |  3.2

Action                   || total
-------------------------++-------
Melee: Unarmed           ||    80
  Use: Potion            ||     4
 Stab: Sleeping          ||     8
  Eat: Meat ration       ||     1
